AoeStats
← Exenity

Arabia

509480487Analyzed
1v1 RM · 5d ago on Sep 26, 2026· 29m 28s· 2 players
Game mode
Random Map
Map size
Tiny (2 player)
Population
200
Speed
Normal
Resources
Standard
Victory
Conquest
Starting age
Dark Age
Ending age
Imperial Age
RankedLock teamsTeams togetherTeam positionsShared explorationLock speedFull tech treeHidden civsTurbo modeCheats
Victory
Defeat
🇺🇸 Teutons · United States
1292
+17
🇩🇪 Romans · Germany
1309
-17
Exenity
6:30 Loom
8:47 Feudal Age
11:37 Double-Bit Axe
15:06 Fletching
19:10 Town Watch
21:22 Padded Archer Armor
29:06 Castle Age
Amano
9:13 Feudal Age
7:29 Loom
9:51 Man-at-Arms
18:23 Fletching
26:27 Double-Bit Axe
26:24 Horse Collar
Connection lost

Rejoining the realm…

Still unreachable

The connection could not be restored.

Session expired

The server has moved on; the page needs a fresh start.